cohdb
Replays
Latest Replays
All Replays
Popular Replays
Top Player Replays
Match Explorer
How It Works
Community
CoH3 Stats
Reddit
Sign in to upload your games and track your stats! →
Sign in with Steam
Match 48532348
Unlisted
Match 48532348
Overview
Messages
Build Orders
End
Royal Engineer Section
Construct Section Command Post
Selects Canadian Shock Battlegroup
Infantry Section
Infantry Section
Selects Offensive Resupply
Selects Canadian Shock Section
Canadian Shock Section
OnCe_Ov3R
MasterStef
0
0
Comments
sign in to comment!
No comments posted yet!